 Dungeon Crawl Stone Soup version 0.29-a0-1023-g6ae1a4a2c7 (webtiles) character file.

Game seed: 9775749986995061589

325 gelatine the Firebug (level 6, -3/42 HPs)
             Began as a Demonspawn Fire Elementalist on Aug 12, 2022.
             Slain by Edmund
             ... wielding a +4 flail of protection
              (12 damage)
             ... on level 4 of the Dungeon.
             The game lasted 00:11:00 (3989 turns).

gelatine the Firebug (Demonspawn Fire Elementalist) Turns: 3989, Time: 00:11:02

Health: -3/42      AC:  7    Str:  8    XL:     6   Next: 24%
Magic:  6/20       EV: 11    Int: 24    God:
Gold:   132        SH:  0    Dex: 14    Spells: 9/12 levels left

rFire   . . .      SeeInvis .   n - +4 hand axe
rCold   + . .      Faith    .   (no shield)
rNeg    . . .      Spirit   .   i - +3 leather armour of Weirdness {MP+9 Int+4}
rPois   .          Reflect  .   (no helmet)
rElec   .          Harm     .   (no cloak)
rCorr   .          Rampage  .   t - +0 pair of gloves
Will    .....                   (no boots)
Stlth   ++........              (no amulet)
HPRegen 0.14/turn               e - ring of protection from cold
MPRegen 0.17/turn               (no ring)

@: very slightly contaminated
A: hooves 1, powered by death 1, big brain 1
a: no special abilities


You were on level 4 of the Dungeon.
You visited 1 branch of the dungeon, and saw 4 of its levels.

You collected 132 gold pieces.

Inventory:

Hand Weapons
 n - a +4 hand axe (weapon)
Missiles
 h - 4 boomerangs
Armour
 i - the +3 leather armour of Weirdness (worn) {MP+9 Int+4}
   (You found it on level 2 of the Dungeon)

   Int:       It affects your intelligence (+4).
   MP:        It affects your magic capacity (+9).
 m - a +2 leather armour of cold resistance
 s - a +2 ring mail of poison resistance
 t - a +0 pair of gloves (worn)
Jewellery
 e - a ring of protection from cold (left hand)
Wands
 p - a wand of flame (27)
Scrolls
 a - a scroll of acquirement
 c - a scroll of enchant weapon
 j - a scroll of poison
 q - a scroll of blinking {unknown}
 r - a scroll of teleportation {unknown}
Potions
 b - a potion of magic
 d - 2 potions of curing {unknown}
 f - 2 potions of heal wounds {unknown}
 g - a potion of resistance {unknown}
 k - a potion of mutation
 l - 2 potions of berserk rage
 o - a potion of brilliance {unknown}


   Skills:
 + Level 0.4 Fighting
 + Level 0.7 Axes
 + Level 0.8 Armour
 + Level 2.0 Dodging
 + Level 2.3 Stealth
 + Level 3.8 Spellcasting
 + Level 2.4 Conjurations
 + Level 4.1 Fire Magic
 + Level 0.5 Evocations


You had 9 spell levels left.
You knew the following spells:

 Your Spells              Type           Power      Damage    Failure   Level
a - Foxfire               Conj/Fire      80%        2x1d8     3%          1
b - Scorch                Fire           48%        2d7       3%          2

Your spell library contained the following spells:

 Spells                   Type           Power      Damage    Failure   Level
 Conjure Flame            Conj/Fire      20%        6-21      11%         3
 Inner Flame              Hex/Fire       14%        N/A       19%         3
 Ignite Poison            Fire/Tmut/Pois 11%        N/A       24%         3
 Mephitic Cloud           Conj/Pois/Air  8%         N/A       30%         3
 Flame Wave               Conj/Fire      20%        2d7       34%         4
 Freezing Cloud           Conj/Ice/Air   4%         6-21      95%         5


Dungeon Overview and Level Annotations

Branches:
Dungeon (4/15)
 Temple: D:4-7

Altars:
Xom

Annotations:
D:4 Edmund


Innate Abilities, Weirdness & Mutations

You have large cloven feet.
You regenerate a little health from kills.
You have an unusually large brain. (Int +2)


Message History

Edmund's fire resistance burns away.
The foxfire hits Edmund but does no damage.
Edmund is moderately wounded.
The foxfire hits Edmund but does no damage.
Edmund is moderately wounded.
Casting: Scorch (safe; 3% risk of failure)
Confirm with . or Enter, or press ? or * to list all spells.
Flames lash Edmund.
Edmund is burned terribly!
Edmund is heavily wounded.
Edmund hits you with a +4 flail of protection.
Casting: Scorch (safe; 3% risk of failure)
Confirm with . or Enter, or press ? or * to list all spells.
You conjure some foxfire!
Edmund closely misses you.
Casting: Foxfire (safe; 3% risk of failure)
Confirm with . or Enter, or press ? or * to list all spells.
You miscast Scorch.
You are very lightly contaminated with residual magic.
Nothing appears to happen.
The foxfire hits Edmund but does no damage.
Edmund is heavily wounded.
The foxfire hits Edmund but does no damage.
Edmund is heavily wounded.
Edmund hits you with a +4 flail of protection.
Casting: Scorch (safe; 3% risk of failure)
Confirm with . or Enter, or press ? or * to list all spells.
You conjure some foxfire!
Edmund drinks a potion.
Edmund goes berserk!
Casting: Foxfire (safe; 3% risk of failure)
Confirm with . or Enter, or press ? or * to list all spells.
Flames lash Edmund but do no damage.
The foxfire hits Edmund.
Edmund is heavily wounded.
The foxfire hits Edmund but does no damage.
Edmund is heavily wounded.
Edmund hits you with a +4 flail of protection.
Casting: Scorch (safe; 3% risk of failure)
Confirm with . or Enter, or press ? or * to list all spells.
You conjure some foxfire!
Edmund hits you with a +4 flail of protection!!
* * * LOW HITPOINT WARNING * * *
Edmund hits you with a +4 flail of protection!
You die...

#........#.< ..##...
.........#.. ?.....
......###.÷.. .....
.......##.... . # #...#
#....###.##.
..#.#...#####...(#......
.[.........#...........#
.......@v.##...........#
.......@v##.........†..)
)...##.§.......#....###†
............[.##...####)
...####..#...##...# #..
#.. #........###.# #..
## #...##.......##...
#........>........#
..............##..##
...###.............#


You could see Edmund (berserk, combustible, ally target).

Vanquished Creatures
  3 electric eels (D:3)
  A hound (D:4)
  A gnoll bouda (D:4)
  An iguana (D:4)
  5 gnolls (D:4)
  3 adders
  2 dart slugs
  2 orcs
  7 endoplasms
  2 giant cockroaches
  4 goblins
  3 hobgoblins (D:1)
  4 quokkas
  3 ball pythons
  5 bats
  3 frilled lizards
  3 kobolds
  5 rats
57 creatures vanquished.

Vanquished Creatures (collateral kills)
  38 foxfires (D:3)
38 creatures vanquished.

Vanquished Creatures (others)
  264 foxfires
  2 plants (D:3)
266 creatures vanquished.

Grand Total: 361 creatures vanquished

Notes
Turn   | Place    | Note
-------+----------+-------------------------------------------
     0 | D:1      | gelatine the Demonspawn Fire Elementalist began the quest
                  | for the Orb.
     0 | D:1      | Reached XP level 1. HP: 13/13 MP: 3/3
   231 | D:1      | Found a faded altar of an unknown god.
   540 | D:1      | Gained mutation: You have large cloven feet. [demonic
                  | ancestry]
   540 | D:1      | Reached XP level 2. HP: 19/19 MP: 0/5
   743 | D:1      | Reached skill level 3 in Fire Magic
  1380 | D:2      | Identified the +3 leather armour of Weirdness {MP+9 Int+4}
  1474 | D:2      | Gained mutation: You have an unusually large brain. (Int
                  | +2) [demonic ancestry]
  1474 | D:2      | Reached XP level 3. HP: 24/24 MP: 5/7
  1833 | D:2      | Identified a scroll of acquirement
  2206 | D:2      | Found a shimmering altar of Xom.
  2450 | D:3      | Reached XP level 4. HP: 30/30 MP: 8/8
  2482 | D:3      | Found a transporter.
  2489 | D:3      | Found a transporter.
  2929 | D:3      | Learned a level 2 spell: Scorch
  3352 | D:3      | Gained mutation: You regenerate a little health from kills.
                  | [demonic ancestry]
  3352 | D:3      | Reached XP level 5. HP: 36/36 MP: 1/9
  3762 | D:4      | Reached skill level 4 in Fire Magic
  3767 | D:4      | Reached XP level 6. HP: 29/42 MP: 5/11
  3978 | D:4      | Noticed Edmund
  3989 | D:4      | Slain by Edmund

Illustrated notes

Levels and vault maps discovered:
D:1:      minmay_arrival_semitransparent, layout_loops_ring,
          shapermc_ecumenical_altar_pompeii, kennysheep_another_room
D:2:      layout_loops_ring, basic_altar
D:3:      gammafunk_steamed_eel, layout_rooms
D:4:      layout_cave_pools, serial_glass, glass_columns_c, glass_columns_a,
          feat_on_display, kennysheep_flooded_box, nicolae_specific_store,
          uniq_crazy_yiuf_cottage, uniq_pikel, uniq_edmund

Skill      XL: |  1  2  3  4  5 |
---------------+----------------+-----
Fire Magic     | 3 4 |  4.1
Spellcasting   | 3 |  3.8
Stealth        | 2 |  2.3
Dodging        | 2 |  2.0
Conjurations   | 2 |  2.4
Fighting       | |  0.4
Axes           | |  0.7
Armour         | |  0.8
Evocations     | |  0.5

Action                   |  1- 3 |  4- 6 || total
-------------------------+-------+-------++-------
Melee: Hand axe          |    23 |     2 ||    25
       Kick              |     1 |       ||     1
 Cast: Foxfire           |    82 |    99 ||   181
       Scorch            |       |     3 ||     3
Evoke: Wand              |       |     5 ||     5
  Use: Scroll            |     8 |     1 ||     9
Armor: Robe              |     5 |       ||     5
       Leather armour    |     8 |     1 ||     9
Dodge: Dodged            |    25 |     2 ||    27

Table legend: (Time is in decaauts)
 A = Elapsed time spent in this place.
 B = Non-inter-level travel time spent in this place.
 C = Inter-level travel time spent in this place.
 D = Time resting spent in this place.
 E = Time spent auto-exploring this place.
 F = Levels seen in this place.
 G = Mean time per level.
                   A        B        C        D        E       F      G
               +--------+--------+--------+--------+--------+-----+--------+
         Total |   3997 |   3830 |    167 |    900 |   2346 |   4 |  999.2 |
       Dungeon |   3997 |   3830 |    167 |    900 |   2346 |   4 |  999.2 |
               +--------+--------+--------+--------+--------+-----+--------+

Top non-repeatable levels by time:
     D:3: 1378 daAuts
     D:1: 1193 daAuts
     D:2: 1077 daAuts
     D:4: 348 daAuts
